 Dungeon Crawl Stone Soup version 0.27-a0-1184-ge86db4a01e (webtiles) character file.

Game seed: 4156621468115473968

78656 st0uf the Fencer (level 15, -9/138 HPs)
             Began as a Red Draconian Abyssal Knight on May 16, 2021.
             Was the Champion of Lugonu.
             Mangled by a +5 morningstar "Koicuhuh" {chaos, *Slow rPois rN+ Will++} (27 damage)
             ... on level 13 of the Dungeon on May 18, 2021.
             The game lasted 01:50:16 (28306 turns).

st0uf the Fencer (Red Draconian Abyssal Knight)    Turns: 28306, Time: 01:50:16

Health: -9/138     AC: 14    Str: 19    XL:     15   Next: 18%
Magic:  14/22      EV: 22    Int: 14    God:    Lugonu [******]
Gold:   164        SH:  9    Dex: 15    Spells: 14/14 levels left

rFire    + + .     SeeInvis .   P - +9 scimitar of the Jolly Tables {elec, rPois rCorr}
rCold    + + +     Faith    .   F - +2 buckler {rC+}
rNeg     . . .     Spirit   .   (armour unavailable)
rPois    +         Reflect  .   (helmet restricted)
rElec    +         Harm     .   W - +0 cloak {rC+}
rCorr    +         Rampage  .   K - +0 pair of gloves
Will     ++...                  w - +2 pair of boots {Stlth+}
Stlth    +++++.....             x - amulet of Qesepine {rElec Regen+}
HPRegen  1.33/turn              t - ring of protection from cold
MPRegen  0.18/turn              q - ring of Lacimpit {rF+ Will+ Dex+4 Stlth+}

@: agile, short of breath
A: breathe fire, AC +9, unfitting armour, fire resistance 1, cold-blooded
a: Breathe Fire, Renounce Religion, Depart the Abyss, Bend Space, Banish,
Corrupt, Enter the Abyss, Brand Weapon With Distortion


You were on level 13 of the Dungeon.
You worshipped Lugonu.
Lugonu was exalted by your worship.
You visited 3 branches of the dungeon, and saw 20 of its levels.
You visited the Abyss 1 time.
You visited 1 bazaar.
You also visited: Ice Cave and Volcano.

You collected 1444 gold pieces.
You spent 1280 gold pieces at shops.

Inventory:

Hand Weapons
 h - a +3 demon blade of venom
 P - the +9 scimitar of the Jolly Tables (weapon) {elec, rPois rCorr}
   (You bought it in a shop in a bazaar)

   Occasionally, upon striking a foe, it can discharge electrical energy and
   cause terrible harm.
   It protects you from poison.
   It protects you from acid and corrosion.
 R - a +3 scimitar of flaming
 V - the +9 scimitar of the Chain {venom, Str+3}
   (You found it on level 3 of the Lair of Beasts)

   It poisons the flesh of those it strikes.
   It affects your strength (+3).
Armour
 w - a +2 pair of boots of stealth (worn)
 F - a +2 buckler of cold resistance (worn)
 K - a +0 pair of gloves (worn)
 W - a +0 cloak of cold resistance (worn)
Jewellery
 a - a +4 ring of protection
 f - a +6 ring of dexterity
 g - a ring of flight
 n - a ring of magical power
 q - the ring of Lacimpit (right hand) {rF+ Will+ Dex+4 Stlth+}
   (You bought it in a shop in a bazaar)

   [ring of willpower]

   It affects your dexterity (+4).
   It protects you from fire.
   It increases your willpower.
   It makes you more stealthy.
 s - a ring of protection from fire
 t - a ring of protection from cold (left hand)
 x - the amulet of Qesepine (around neck) {rElec Regen+}
   (You bought it in a shop in a bazaar)

   [amulet of regeneration]

   It insulates you from electricity.
   It increases your rate of health regeneration.
 J - a ring of protection from fire
 M - a ring of wizardry
 N - a ring of willpower
 T - a ring of resist corrosion
Wands
 d - a wand of acid (9)
 u - a wand of polymorph (34)
 y - a wand of flame (68)
 A - a wand of iceblast (62)
 G - a wand of paralysis (7)
 I - a wand of digging (9)
 L - a wand of mindburst (13)
Scrolls
 c - 7 scrolls of teleportation
 e - 3 scrolls of identify
 j - 2 scrolls of enchant weapon
 m - 6 scrolls of amnesia
 p - 9 scrolls of enchant armour
 r - a scroll of torment {unknown}
 v - a scroll of fear
 B - a scroll of silence
 D - 4 scrolls of magic mapping
 E - a scroll of holy word
 Q - 2 scrolls of acquirement {unknown}
 U - 3 scrolls of blinking
 X - a scroll of vulnerability
 Y - 4 scrolls of immolation
 Z - a scroll of brand weapon
Potions
 b - 6 potions of curing
 i - 2 potions of might
 k - 3 potions of heal wounds
 l - 2 potions of invisibility
 o - a potion of berserk rage
 z - 3 potions of mutation
 C - 2 potions of lignification
 H - 2 potions of resistance
 O - a potion of cancellation
 S - a potion of brilliance


   Skills:
 + Level 14.0 Fighting
 + Level 15.3 Long Blades
 + Level 1.4 Throwing
 + Level 10.5 Dodging
 - Level 6.0 Stealth
 * Level 10.2 Shields
 - Level 10.0 Invocations


You had 14 spell levels left.
You didn't know any spells.
Your spell library contained the following spells:

 Spells                   Type           Power      Damage    Failure   Level
 Apportation              Tloc           0%         N/A       28%         1
 Foxfire                  Conj/Fire      0%         2x1d4     28%         1
 Magic Dart               Conj           0%         1d3       28%         1
 Shock                    Conj/Air       0%         1d3       28%         1
 Summon Small Mammal      Summ           0%         N/A       28%         1
 Call Imp                 Summ           0%         N/A       41%         2
 Searing Ray              Conj           0%         3d3       41%         2
 Static Discharge         Conj/Air       0%         N/A       41%         2
 Call Canine Familiar     Summ           0%         N/A       65%         3
 Confusing Touch          Hex            0%         N/A       65%         3
 Conjure Flame            Conj/Fire      0%         6-21      65%         3
 Dazzling Flash           Conj/Hex       0%         N/A       65%         3
 Gell's Gravitas          Tloc           0%         N/A       65%         3
 Ignite Poison            Fire/Tmut/Pois 0%         N/A       65%         3
 Lesser Beckoning         Tloc           0%         N/A       65%         3
 Mephitic Cloud           Conj/Pois/Air  0%         N/A       65%         3
 Portal Projectile        Hex/Tloc       0%         N/A       65%         3
 Summon Guardian Golem    Hex/Summ       0%         N/A       65%         3
 Swiftness                Air            0%         N/A       65%         3
 Tukima's Dance           Hex            0%         N/A       65%         3
 Airstrike                Air            0%         N/A       96%         4
 Fulminant Prism          Conj/Hex       0%         3d6       96%         4
 Iskenderun's Mystic Bla  Conj/Tloc      0%         2d3       96%         4
 Passage of Golubria      Tloc           N/A        N/A       96%         4
 Petrify                  Tmut/Erth      0%         N/A       96%         4
 Summon Ice Beast         Ice/Summ       0%         N/A       96%         4
 Summon Lightning Spire   Summ/Air       0%         N/A       96%         4
 Alistair's Intoxication  Tmut/Pois      0%         N/A       100%        5
 Fireball                 Conj/Fire      0%         3d3       100%        5
 Lightning Bolt           Conj/Air       0%         1d11      100%        5
 Manifold Assault         Tloc           0%         N/A       100%        5
 Metabolic Englaciation   Hex/Ice        0%         N/A       100%        5
 Yara's Violent Unravell  Hex/Tmut       0%         3d3       100%        5
 Dispersal                Tloc           0%         N/A       100%        6
 Invisibility             Hex            0%         N/A       100%        6
 Starburst                Conj/Fire      0%         8x6d3     100%        6
 Summon Hydra             Summ           0%         N/A       100%        7
 Disjunction              Tloc           0%         N/A       100%        8
 Ignition                 Fire           0%         3d3       100%        8


Dungeon Overview and Level Annotations

Branches:
Dungeon (13/15)            Temple (1/1) D:6            Lair (6/6) D:11
  Swamp (0/4) Lair:4        Snake (0/4) Lair:4        Slime (0/5) Lair:6
    Orc (0/2) D:10         Vaults (0/5) D:13          IceCv (visited)
Volcano (visited)

Altars:
Dithmenos
Gozag
Okawaru
Qazlal
Ru
Wu Jian
Xom
Yredelemnul

Shops:
D:7 [   D:8 =

Annotations:
D:4 exclusion: ogre
D:6 2 runed translucent doors, PeterLawrence's ghost, novice MiFi
D:13 Xuyz's ghost, journeyman DEEE


Innate Abilities, Weirdness & Mutations

You can breathe blasts of fire.
Your fiery red scales are hard. (AC +9)
You cannot fit into any form of body armour.
Your flesh is heat resistant. (rF+)
You are cold-blooded and may be slowed by cold attacks.


Message History

The +5 morningstar "Koicuhuh" {chaos, *Slow rPois rN+ Will++} hits you but does no damage.
You hit the +5 morningstar "Koicuhuh" {chaos, *Slow rPois rN+ Will++}.
You tail-slap the +5 morningstar "Koicuhuh" {chaos, *Slow rPois rN+ Will++}, but do no damage.
The +5 morningstar "Koicuhuh" {chaos, *Slow rPois rN+ Will++} is lightly damaged.
The +5 morningstar "Koicuhuh" {chaos, *Slow rPois rN+ Will++} is engulfed in blazing flames.
The +5 morningstar "Koicuhuh" {chaos, *Slow rPois rN+ Will++} hits you!!
You slash the +5 morningstar "Koicuhuh" {chaos, *Slow rPois rN+ Will++}!
The +5 morningstar "Koicuhuh" {chaos, *Slow rPois rN+ Will++} is heavily damaged.
The +5 morningstar "Koicuhuh" {chaos, *Slow rPois rN+ Will++} hits you!!
* * * LOW HITPOINT WARNING * * *
Unknown command.
You closely miss the +5 morningstar "Koicuhuh" {chaos, *Slow rPois rN+ Will++}.
The +5 morningstar "Koicuhuh" {chaos, *Slow rPois rN+ Will++} is heavily damaged.
The +5 morningstar "Koicuhuh" {chaos, *Slow rPois rN+ Will++} is engulfed in blazing flames.
You block the +5 morningstar "Koicuhuh" {chaos, *Slow rPois rN+ Will++}'s attack.
You miss the +5 morningstar "Koicuhuh" {chaos, *Slow rPois rN+ Will++}.
The +5 morningstar "Koicuhuh" {chaos, *Slow rPois rN+ Will++} is heavily damaged.
The +5 morningstar "Koicuhuh" {chaos, *Slow rPois rN+ Will++} hits you.
* * * LOW HITPOINT WARNING * * *
You resist with almost no effort.
Unknown command.
You miss the +5 morningstar "Koicuhuh" {chaos, *Slow rPois rN+ Will++}.
The +5 morningstar "Koicuhuh" {chaos, *Slow rPois rN+ Will++} is moderately damaged.
The +5 morningstar "Koicuhuh" {chaos, *Slow rPois rN+ Will++} hits you!!
* * * LOW HITPOINT WARNING * * *
You feel your power leaking away.
Unknown command.
Xuyz's ghost casts a spell at you.
The wall shatters!
The blast of rock fragments hits you!
* * * LOW HITPOINT WARNING * * *
The +5 morningstar "Koicuhuh" {chaos, *Slow rPois rN+ Will++} misses you.
Unknown command.
The +5 morningstar "Koicuhuh" {chaos, *Slow rPois rN+ Will++} hits you.
* * * LOW HITPOINT WARNING * * *
You feel agile all of a sudden.
Unknown command.
You block the +5 morningstar "Koicuhuh" {chaos, *Slow rPois rN+ Will++}'s attack.
Found 22 sling bullets.
The +5 morningstar "Koicuhuh" {chaos, *Slow rPois rN+ Will++} hits you!!
You die...

,,...........$.##*#######,*,*
,,.......∩..............,,,,**
**#####+#.###..##.....(.,,,,,*
#######.#.###..#*.......,,,,,*
...........##..#*.......,,,,,*
#######....##..##.......,,,,,*
................>.......,,,,,*
...............#^.......,,,,,*
#####..........#@.......,,,,,*
..# #..........#(.......,,,,,*
..# #...................,,,,,*
..# #.........##W#+#####******
..# #####..........### ..#
#.##.W.......######### ..#
#.##.......).........#
..#######.##.(...............#
..##...##.##.................#


You could see a +5 morningstar "Koicuhuh" {chaos, *Slow rPois rN+ Will++} and
Xuyz's ghost.

Vanquished Creatures
  A reaper (IceCv)
  A stone giant (Volcano)
  A dire elephant (Lair:2)
  10 hydras
  A boulder beetle (D:12)
  A merfolk avatar (Lair:6)
  2 centaur warriors (D:13)
  3 two-headed ogres
  A catoblepas (Lair:2)
  Erica (D:8)
  7 death yaks
  A sea snake (Lair:6)
  2 bog bodies (Lair:4)
  An orc knight (D:13)
  A harpy (Lair:6)
  A manticore (shapeshifter) (D:13)
  4 manticores
  29 elephants
  8 slime creatures (D:12)
  2 black mambas (Lair:4)
  3 centaur zombies
  A black mamba (shapeshifter) (D:13)
  3 ice statues
  A torpor snail (Lair:4)
  15 cane toads
  2 gargoyles
  7 rime drakes
  A freezing wraith (D:10)
  17 komodo dragons
  A kobold demonologist (D:13)
  2 efreet
  7 ice devils (IceCv)
  3 trolls
  4 polar bears
  2 wind drakes (Lair:6)
  7 hornets
  6 blink frogs
  A spriggan (Lair:4)
  2 fire elementals (Volcano)
  3 wyverns
  A wraith (D:13)
  A basilisk (Lair:5)
  66 yaks
  5 fire bats (Volcano)
  5 steam dragons
  Menkaure (D:7)
  3 swamp worms (Lair:4)
  2 acid dragons
  19 water moccasins
  9 ice beasts
  5 orc warriors
  3 sky beasts
  A necrophage (D:6)
  18 wolves
  A black bear (Lair:4)
  A hornet zombie (D:8)
  4 centaurs
  4 ogres
  A kobold brigand (D:10)
  A gnoll sergeant (D:10)
  16 bullfrogs
  A scorpion (D:5)
  A wyvern zombie (D:6)
  3 earth elementals (Volcano)
  4 jellies
  3 wights (D:7)
  8 howler monkeys
  7 electric eels
  5 lava snakes (Volcano)
  4 hounds
  A centaur skeleton (D:5)
  A gnoll shaman (D:4)
  7 orc priests
  A bullfrog skeleton (D:5)
  7 orc wizards
  6 hell rats (Lair:6)
  A hound skeleton (D:2)
  10 gnolls
  A howler monkey zombie (D:9)
  6 adders
  A shadow imp (D:7)
  10 white imps (IceCv)
  7 ufetubi (IceCv)
  2 worms
  A dart slug (D:5)
  37 orcs
  7 ball pythons
  3 bats
  6 endoplasms
  3 giant cockroaches
  5 goblins
  7 hobgoblins
  3 jackals (D:4)
  8 kobolds
  4 quokkas
  3 frilled lizards
  6 rats
523 creatures vanquished.

Vanquished Creatures (others)
  A white imp (IceCv)
  4 ufetubi (IceCv)
  40 fungi
  77 plants
  10 toadstools (Lair:2)
132 creatures vanquished.

Grand Total: 655 creatures vanquished

Notes
Turn   | Place    | Note
-------+----------+-------------------------------------------
     0 | Abyss:1  | st0uf the Draconian Abyssal Knight began the quest for the
                  | Orb.
     0 | Abyss:1  | Reached XP level 1. HP: 19/19 MP: 2/2
    49 | Abyss:1  | Noticed a thrashing horror
    56 | D:1      | Escaped the Abyss
   395 | D:1      | Reached * piety under Lugonu
   662 | D:1      | Reached XP level 2. HP: 24/27 MP: 3/3
  1343 | D:2      | Reached XP level 3. HP: 27/33 MP: 4/4
  1997 | D:3      | Found an opulent altar of Gozag.
  2034 | D:3      | Reached XP level 4. HP: 37/40 MP: 5/5
  2138 | D:3      | Reached ** piety under Lugonu
  2146 | D:3      | Reached skill level 3 in Long Blades
  2885 | D:3      | Found a faded altar of an unknown god.
  3081 | D:4      | Reached skill level 1 in Stealth
  3273 | D:4      | Identified the +3 leather armour "Ferghiow" {Int+5}
  3282 | D:4      | Reached XP level 5. HP: 45/47 MP: 6/6
  4044 | D:4      | Noticed an ogre
  4067 | D:4      | Reached skill level 4 in Long Blades
  4453 | D:5      | Entered Level 5 of the Dungeon
  4829 | D:5      | Reached XP level 6. HP: 51/53 MP: 7/7
  4842 | D:5      | Noticed a sky beast
  4864 | D:5      | Killed a sky beast
  4997 | D:5      | Reached skill level 5 in Fighting
  5338 | D:5      | Reached skill level 5 in Long Blades
  5418 | D:5      | Your scales start taking on a fiery red colour.
  5418 | D:5      | Reached XP level 7. HP: 61/61 MP: 8/8
  5418 | D:5      | Gained mutation: Your flesh is heat resistant. (rF+) [Red
                  | Draconian growth]
  5568 | D:5      | Reached skill level 6 in Long Blades
  5843 | D:6      | Found a staircase to the Ecumenical Temple.
  5904 | Temple   | Entered the Ecumenical Temple
  5960 | D:6      | Reached *** piety under Lugonu
  6612 | D:6      | Reached XP level 8. HP: 70/70 MP: 9/9
  6637 | D:6      | Reached skill level 7 in Long Blades
  6686 | D:6      | Reached skill level 1 in Throwing
  7084 | D:6      | Reached skill level 8 in Long Blades
  7106 | D:6      | Found an ornate altar of the Wu Jian Council.
  7164 | D:6      | Found a sacrificial altar of Ru.
  7170 | D:6      | Found a stormy altar of Qazlal.
  7213 | D:6      | Found a large runed translucent door.
  7214 | D:6      | Found a large runed translucent door.
  7216 | D:6      | Noticed PeterLawrence's ghost (novice MiFi)
  7446 | D:7      | Reached skill level 5 in Dodging
  7446 | D:7      | Reached XP level 9. HP: 61/79 MP: 10/10
  7617 | D:7      | Found Xouvvyrch's Antique Armour Shoppe.
  7626 | D:7      | Bought a pair of runed boots for 247 gold pieces
  7658 | D:7      | Reached skill level 9 in Long Blades
  7786 | D:7      | Noticed Menkaure
  7792 | D:7      | Killed Menkaure
  8095 | D:8      | Noticed Erica
  8100 | D:8      | Killed Erica
  8101 | D:8      | Reached skill level 10 in Long Blades
  8123 | D:8      | Identified the Guide on Battle Magic and the Escort
  8214 | D:8      | Reached **** piety under Lugonu
  8216 | D:8      | Found a transporter.
  8234 | D:8      | Found Hyjyst's Jewellery Shoppe.
  8304 | D:8      | Found a transporter.
  8566 | D:8      | Reached XP level 10. HP: 77/88 MP: 11/11
  9167 | D:9      | Identified the +1 ring mail of Delicate Liberty {rC+ rN+}
  9813 | D:10     | Entered Level 10 of the Dungeon
  9979 | D:10     | Found a shadowy altar of Dithmenos.
 10073 | D:10     | Reached skill level 11 in Long Blades
 10073 | D:10     | Reached skill level 1 in Shields
 10329 | D:10     | Found a staircase to the Orcish Mines.
 11624 | D:11     | Noticed a four-headed hydra
 11638 | D:11     | Killed a two-headed hydra
 11639 | D:11     | Reached XP level 11. HP: 44/95 MP: 14/14
 11968 | D:11     | Noticed a two-headed ogre
 11978 | D:11     | Killed a two-headed ogre
 12283 | D:11     | Found a staircase to the Lair.
 12897 | D:12     | Noticed a two-headed ogre
 12929 | D:11     | Reached skill level 5 in Invocations
 13039 | D:12     | Killed a two-headed ogre
 13261 | D:12     | Noticed a four-headed hydra
 13456 | D:12     | Reached skill level 5 in Stealth
 14195 | Lair:1   | Entered Level 1 of the Lair of Beasts
 14195 | Lair:1   | Found a gate leading to a gauntlet.
 14280 | Lair:1   | Reached skill level 12 in Long Blades
 14335 | Lair:1   | Noticed a seven-headed hydra
 14345 | Lair:1   | Killed a six-headed hydra
 14664 | Lair:1   | Reached ***** piety under Lugonu
 14770 | Lair:1   | Reached skill level 5 in Shields
 15007 | Lair:1   | Reached XP level 12. HP: 85/106 MP: 16/16
 15372 | Lair:1   | Reached skill level 10 in Fighting
 15595 | Lair:2   | Found a dark tunnel.
 15720 | Volcano  | Entered a volcano
 16015 | Volcano  | Noticed a stone giant
 16031 | Volcano  | Killed a stone giant
 16032 | Volcano  | Reached skill level 13 in Long Blades
 16142 | Volcano  | Found a radiant altar of Vehumet.
 16192 | Volcano  | Found a radiant altar of Vehumet.
 16822 | Lair:2   | Noticed a four-headed hydra
 16828 | Lair:2   | Noticed a six-headed hydra
 16836 | Lair:2   | Killed a one-headed hydra
 16838 | Lair:2   | Killed a four-headed hydra
 16897 | Lair:2   | Noticed a death yak
 17275 | Lair:2   | Killed a death yak
 17779 | Lair:2   | Found a runed translucent door.
 17854 | Lair:2   | Noticed a dire elephant
 17854 | Lair:2   | Noticed a catoblepas
 17882 | Lair:2   | Upgraded the game from 0.27-a0-1177-g245c70e1c0 to
                  | 0.27-a0-1184-ge86db4a01e
 18184 | Lair:3   | Reached XP level 13. HP: 116/116 MP: 19/19
 18433 | Lair:3   | You are sucked into a shaft and drop 1 floor!
 18833 | Lair:4   | Identified the +1 chain mail "Weasu" {rN++ Str+6 Dex-4}
 18944 | Lair:4   | Found a staircase to the Snake Pit.
 19454 | Lair:3   | Reached skill level 14 in Long Blades
 20001 | Lair:3   | Identified the +9 scimitar of the Chain {venom, Str+3}
 20773 | Lair:4   | Reached ****** piety under Lugonu
 21588 | Lair:4   | Found a staircase to the Swamp.
 22131 | Lair:5   | Reached XP level 14. HP: 126/126 MP: 21/21
 22474 | Lair:6   | Entered Level 6 of the Lair of Beasts
 22825 | Lair:6   | Reached skill level 10 in Invocations
 24019 | Lair:6   | HP: 1/129 [rime drake/flash freeze (12)]
 24644 | Lair:6   | Reached skill level 15 in Long Blades
 24868 | Lair:6   | Reached skill level 10 in Dodging
 25185 | Lair:6   | Found a staircase to the Slime Pits.
 27056 | D:13     | Found a gate to the Vaults.
 27095 | D:13     | Found a runed translucent door.
 27096 | D:13     | Found a shimmering altar of Xom.
 27096 | D:13     | Noticed Xuyz's ghost (journeyman DEEE)
 27097 | D:13     | Identified the +5 morningstar "Koicuhuh" {chaos, *Slow
                  | rPois rN+ Will++}
 27117 | D:13     | Found a flickering gateway to a bazaar.
 27126 | Bazaar   | Entered a bazaar
 27126 | Bazaar   | Found Hauxtemo's Antique Weapon Shoppe.
 27126 | Bazaar   | Found Pyovakk's General Store.
 27126 | Bazaar   | Found Xoetixt's Weapon Shoppe.
 27126 | Bazaar   | Found Piuntyol's Jewellery Shop.
 27128 | Bazaar   | Found Xihammah's General Store.
 27128 | Bazaar   | Found Jecsodwi's Book Shop.
 27150 | Bazaar   | Bought the ring of Lacimpit {rF+ Will+ Dex+4 Stlth+} for
                  | 451 gold pieces
 27172 | Bazaar   | Bought a potion of heal wounds for 30 gold pieces
 27172 | Bazaar   | Bought the amulet of Qesepine {rElec Regen+} for 264 gold
                  | pieces
 27172 | Bazaar   | Bought a scroll of blinking for 45 gold pieces
 27178 | Bazaar   | Bought a fine scimitar for 243 gold pieces
 27178 | Bazaar   | Identified the +9 scimitar of the Jolly Tables {elec, rPois
                  | rCorr} (You bought it in a shop in a bazaar)
 27255 | D:13     | Found a frozen archway.
 27311 | IceCv    | Entered an ice cave
 27557 | IceCv    | Reached XP level 15. HP: 119/137 MP: 22/22
 27743 | IceCv    | Reached skill level 10 in Shields
 28306 | D:13     | Mangled by a +5 morningstar "Koicuhuh" {chaos, *Slow rPois
                  | rN+ Will++}

Illustrated notes

Levels and vault maps discovered:
D:1:      erik_arrival_cave_to_civilisation [erik_arrival_cave_to_hall],
          layout_basic, minmay_misc_feat_square, item_on_display_a
D:2:      layout_rooms, uniq_crazy_yiuf_cottage
D:3:      minmay_thinvault, layout_basic, grunt_gozag_statues,
          ebering_ecumenical_altar_ruins, serial_forest,
          infiniplex_forest_end_2, infiniplex_forest_fountain,
          infiniplex_forest_lined_4_way, infiniplex_forest_straight_4,
          infiniplex_forest_straight_3, infiniplex_forest_lined_room_2,
          infiniplex_forest_clump_medium, st_stairs_12, glass_columns_b
D:4:      layout_loops_ring
D:5:      layout_rooms, kennysheep_donut, kennysheep_decorative_pillar
D:6:      layout_basic, general_overflow_altar, minitemple,
          minmay_temple_entry_junction, ebering_ghost_disaster_area,
          moated_statue
D:7:      layout_basic, serial_shops, nicolae_shop_waterfront,
          serial_bayou_lagoon_a, uniq_menkaure
D:8:      gammafunk_steamed_eel, layout_cave_pools, serial_shops, shop,
          uniq_erica
D:9:      layout_basic, glass_columns_c, minmay_misc_feat_x
D:10:     statuecave_lemuel, layout_layer_cave, nicolae_dithmenos_shadow_blocks,
          orc_david_3
D:11:     layout_basic, david_lair_shrubbed
D:12:     layout_loops_cross, nicolae_straight_to_the_point
D:13:     lemuel_ice_statue, layout_basic, david_vaults_4,
          portal_ice_cave_entry_ice_beasts, ebering_ghost_xom, serial_shops,
          bzr_entry_dummy
Temple:   bh_familiar_temple
Lair:1:   layout_loops_ring, gauntlet_entry_generic, grunt_megastairs_2
Lair:2:   gammafunk_lair_enchanted_lake, layout_regular_city, enter_volcano_4,
          lemuel_fruit_fields
Lair:3:   layout_chaotic_city, grunt_megastairs_4
Lair:4:   layout_loops_ring, nicolae_swamp_entry_splash_gauntlet,
          minmay_snake_entry_six_corridors, grunt_forest_stairs_clearing
Lair:5:   layout_regular_city
Lair:6:   gammafunk_lair_ancient_temple, layout_cave_pods,
          nicolae_slime_entry_slimehenge, lemuel_fruit_fields

Skill      XL: |  1  2  3  4  5  6  7  8  9 10 11 12 13 14 15 |
---------------+----------------------------------------------+-----
Fighting       | 4 5 6 7 8 9 11 12 13 14 | 14.0
Long Blades    | 3 4 5 6 8 10 11 12 13 14 15 | 15.3
Stealth        | 1 2 3 4 5 6 |  6.0
Dodging        | 3 4 5 6 7 8 9 10 | 10.5
Throwing       | 1 |  1.4
Invocations    | 4 6 8 9 10 | 10.0
Shields        | 2 5 6 8 9 10 | 10.2

Action                   |  1- 3 |  4- 6 |  7- 9 | 10-12 | 13-15 || total
-------------------------+-------+-------+-------+-------+-------++-------
Melee: Falchion          |    91 |   213 |   136 |       |       ||   440
       Tailslap          |    14 |    23 |    16 |   106 |   191 ||   350
       Scimitar          |       |       |     9 |   485 |   826 ||  1320
Throw: Dart              |       |     5 |       |       |       ||     5
Invok: Depart the Abyss  |     1 |       |       |       |       ||     1
 Abil: Breathe Fire      |       |       |    31 |    47 |    37 ||   115
  Use: Potion            |       |       |       |     1 |     3 ||     4
       Scroll            |       |       |       |       |    25 ||    25
 Stab: Sleeping          |     2 |     2 |     2 |    10 |    11 ||    27
       Distracted        |       |       |       |     1 |     1 ||     2
       Petrified         |       |       |       |       |    10 ||    10
Armor: Skin              |    22 |    55 |    44 |   111 |   155 ||   387
Dodge: Dodged            |    68 |   124 |    71 |   279 |   384 ||   926
Block: Buckler           |       |       |       |    78 |   211 ||   289
       Rpst.: Falchion   |    15 |    37 |    14 |       |       ||    66
       Scimitar          |       |       |     1 |    74 |    87 ||   162

Table legend: (Time is in decaauts)
 A = Elapsed time spent in this place.
 B = Non-inter-level travel time spent in this place.
 C = Inter-level travel time spent in this place.
 D = Time resting spent in this place.
 E = Time spent auto-exploring this place.
 F = Levels seen in this place.
 G = Mean time per level.
                   A        B        C        D        E       F      G
               +--------+--------+--------+--------+--------+-----+--------+
         Total |  28016 |  27156 |    860 |   6919 |  13453 |  24 | 1167.3 |
       Dungeon |  15364 |  14825 |    539 |   2475 |   9104 |  13 | 1181.8 |
        Temple |     17 |     17 |      0 |      0 |      0 |   1 |   17.0 |
          Lair |  11110 |  10789 |    321 |   3684 |   4349 |   6 | 1851.7 |
         Abyss |     56 |     56 |      0 |      0 |      0 |   1 |   56.0 |
        Bazaar |     72 |     72 |      0 |      0 |      0 |   1 |   72.0 |
      Ice Cave |    527 |    527 |      0 |    205 |      0 |   1 |  527.0 |
       Volcano |    868 |    868 |      0 |    554 |      0 |   1 |  868.0 |
               +--------+--------+--------+--------+--------+-----+--------+

Top non-repeatable levels by time:
  Lair:6: 3215 daAuts
     D:4: 1981 daAuts
  Lair:4: 1967 daAuts
    D:12: 1702 daAuts
  Lair:2: 1645 daAuts
    D:10: 1638 daAuts
    D:11: 1586 daAuts
  Lair:1: 1569 daAuts
  Lair:3: 1547 daAuts
     D:6: 1413 daAuts
  Lair:5: 1164 daAuts
     D:1: 1157 daAuts
     D:3: 1136 daAuts
     D:9: 1058 daAuts
 Volcano: 868 daAuts
